 Dungeon Crawl Stone Soup version 0.20.1-1-g8b1a95d (webtiles) character file.

387 Miyamura the Chucker (level 6, -3/59 HPs)
             Began as a Troll Hunter on Dec 20, 2017.
             Slain by Menkaure (24 damage)
             ... on level 4 of the Dungeon.
             The game lasted 00:04:37 (2204 turns).

Miyamura the Chucker (Troll Hunter)                 Turns: 2204, Time: 00:04:37

Health: -3/59      AC:  5    Str: 22    XL:     6   Next: 49%
Magic:  5/5        EV:  6    Int: 13    God:
Gold:   110        SH: 12    Dex: 10    Spells: 5/5 levels left

rFire    + . .     SeeInvis .     - Unarmed
rCold    + . .     Gourm    +   x - +0 large shield
rNeg     . . .     Faith    +   b - +0 robe
rPois    +         Spirit   .   (helmet restricted)
rElec    +         Reflect  .   (no cloak)
rCorr    +         Harm     .   (gloves unavailable)
MR       .....                  (boots unavailable)
Stlth    +.........             i - amulet of faith
Regen    0.6/turn               (no ring)
MPRegen  0.1/turn               (no ring)

@: brilliant, resistant, very slightly contaminated, hasted, invisible, very
quick
A: unfitting armour, claws 3, fast metabolism 3, gourmand, regeneration 1,
shaggy fur 1, tough skin 2
a: no special abilities


You were on level 4 of the Dungeon.
You were completely stuffed.

You visited 1 branch of the dungeon, and saw 4 of its levels.

You collected 110 gold pieces.

Inventory:

Hand Weapons
 w - a +0 flail
Missiles
 c - 5 large rocks (quivered)
 d - 2 throwing nets
Armour
 b - a +0 robe (worn)
 x - a +0 large shield (worn)
Jewellery
 i - an amulet of faith (around neck)
 v - an uncursed ring of flight
Wands
 r - a wand of confusion (19/48)
Scrolls
 e - a scroll of identify
 h - 3 scrolls of blinking
 j - a scroll of recharging {unknown}
 k - 2 scrolls of enchant armour {unknown}
 o - a scroll of magic mapping {unknown}
 p - 2 scrolls of remove curse
 t - 2 scrolls of teleportation {unknown}
Potions
 a - a potion of mutation
 s - 3 potions of curing
Comestibles
 f - 4 bread rations
 q - 2 royal jellies
 z - 6 chunks of flesh


   Skills:
 + Level 2.8 Fighting
 + Level 2.3 Maces & Flails
 + Level 4.4 Throwing
 + Level 2.9 Dodging
 - Level 0.3 Stealth
 + Level 1.0 Shields
 + Level 2.4 Unarmed Combat


You had 5 spell levels left.
You didn't know any spells.

Dungeon Overview and Level Annotations

Branches:
Dungeon (4/15)
 Temple: D:4-7

Altars:
Trog

Annotations:
D:4 Menkaure


Innate Abilities, Weirdness & Mutations

You are too large for most types of armour.
You have claws for hands.
Your metabolism is lightning-fast.
You like to eat raw meat.
Your natural rate of healing is unusually fast.
You are covered in fur. (AC +1)
You have very tough skin. (AC +2)


Message History

Menkaure shouts!
Menkaure draws the symbol "Udjat" in the dust.
Menkaure calls on the powers of darkness!
Your body is wracked with pain!
It was a potion of brilliance.
You feel clever all of a sudden.
It was a potion of magic.
Magic courses through your body.
It was a potion of invisibility.
You fade into invisibility!
You are very lightly contaminated with residual magic.
It was a potion of haste.
You feel yourself speed up.
Menkaure mumbles some strange words.
Menkaure seems to speed up.
It was a potion of curing.
You feel better.
It was a potion of resistance.
You feel protected.
Menkaure calls on the powers of darkness!
Your body is wracked with pain!
Menkaure hits you!!
You die...

##.#.##########
#.#..........#
#.##########.# $
##<# #.#
..#..##########.#
#........#..)...#
#..........######
...........#
......M@...#
##...>.....#
#......[..#
#.............
##.......#....
#..............
....$...........
##..............
#.....)......


You could see Menkaure.

Vanquished Creatures
  2 ogres (D:4)
  A howler monkey (D:4)
  An orc priest (D:3)
  A hound (D:4)
  6 adders
  3 worms
  2 dart slugs
  A leopard gecko (D:2)
  7 orcs
  7 bats
  2 giant cockroaches
  3 goblins
  2 hobgoblins
  3 jackals (D:3)
  A quokka (D:3)
  3 frilled lizards
  7 kobolds
  6 rats
58 creatures vanquished.

Notes
Turn   | Place    | Note
-------+----------+-------------------------------------------
     0 | D:1      | Miyamura the Troll Hunter began the quest for the Orb.
     0 | D:1      | Reached XP level 1. HP: 19/19 MP: 0/0
   354 | D:1      | Reached XP level 2. HP: 28/28 MP: 1/1
   658 | D:2      | Reached skill level 1 in Unarmed Combat
   719 | D:2      | Found a faded altar of an unknown god.
   727 | D:2      | Reached XP level 3. HP: 29/35 MP: 2/2
   875 | D:2      | Found a bloodstained altar of Trog.
   882 | D:2      | Reached skill level 1 in Maces & Flails
   912 | D:2      | Reached XP level 4. HP: 42/42 MP: 3/3
  1390 | D:3      | Reached skill level 4 in Throwing
  1713 | D:3      | Reached XP level 5. HP: 45/50 MP: 4/4
  2136 | D:4      | Noticed an ogre
  2136 | D:4      | Noticed an ogre
  2145 | D:4      | Killed an ogre
  2150 | D:4      | Killed an ogre
  2150 | D:4      | Reached XP level 6. HP: 30/59 MP: 5/5
  2170 | D:4      | Reached skill level 1 in Shields
  2195 | D:4      | Noticed Menkaure
  2204 | D:4      | Slain by Menkaure

Skill      XL: |  1  2  3  4  5  6 |
---------------+-------------------+-----
Dodging        | 2 |  2.9
Unarmed Combat | 1 2 |  2.4
Fighting       | 2 |  2.8
Maces & Flails | 1 2 |  2.3
Throwing       | 4 |  4.4
Shields        | 1 |  1.0
Stealth        | |  0.3

Action                   |  1- 3 |  4- 6 || total
-------------------------+-------+-------++-------
Melee: Unarmed           |    86 |   125 ||   211
       Punch             |       |     2 ||     2
  Use: Scroll            |       |     7 ||     7
       Potion            |       |     6 ||     6
 Stab: Sleeping          |     2 |       ||     2
  Eat: Chunk             |    14 |    12 ||    26
Armor: Robe              |    31 |    30 ||    61
Dodge: Dodged            |    47 |    42 ||    89
Block: Large shield      |       |    26 ||    26
